 Dungeon Sprint DCSS version 0.28-a0-239-g68911e0c57 (webtiles) character file.

Game seed: 6122429164518502336

1495 MikeHunt the Cleaver (level 8, -6/93 HPs)
             Began as a Palentonga Fighter on Aug 23, 2021.
             Was a Priest of Okawaru.
             Killed from afar by a bog body (26 damage)
             ... with a bolt of cold
             ... in the Dungeon (Sprint VII: "The Pits").
             The game lasted 00:04:31 (1128 turns).

MikeHunt the Cleaver (Palentonga Fighter)           Turns: 1128, Time: 00:04:32

Health: -6/93      AC: 19    Str: 21    XL:     8   Next: 51%
Magic:  11/12      EV:  5    Int: 11    God:    Okawaru [***...]
Gold:   0          SH: 12    Dex: 19    Spells: 7/7 levels left

rFire   + . .      SeeInvis +   q - +1 broad axe of Awkwardness {freeze, rF+ Dex+5}
rCold   . . .      Faith    .   c - +0 kite shield
rNeg    . . .      Spirit   .   p - +4 chain mail
rPois   .          Reflect  .   (no helmet)
rElec   .          Harm     .   r - +0 cloak
rCorr   .          Rampage  .   (no gloves)
Will    .....      NoTele   +   (no barding)
Stlth   ..........              (no amulet)
HPRegen 0.25/turn               b - +3 ring of dexterity
MPRegen 0.13/turn               m - +3 ring of intelligence

@: berserking, slowed, curled up
A: large, rugged brown scales 3, see invisible, deformed body, roll 1, armoured
tail, reflexive curl
a: Rolling Charge, Renounce Religion, Heroism


You were in the Dungeon.
You worshipped Okawaru.
Okawaru was most pleased with you.
You visited 1 branch

Inventory:

Hand Weapons
 a - a +0 war axe
 q - the +1 broad axe of Awkwardness (weapon) {freeze, rF+ Dex+5}
   (You found it in the Dungeon)

   It freezes those it strikes, dealing additional cold damage.
   It can also slow down cold-blooded creatures.
   Dex:       It affects your dexterity (+5).
   rF:        It protects you from fire.
Armour
 c - a +0 kite shield (worn)
 l - a +3 ring mail
 p - a +4 chain mail (worn)
 r - a +0 cloak (worn)
Jewellery
 b - a +3 ring of dexterity (left hand)
 m - a +3 ring of intelligence (right hand)
Scrolls
 j - a scroll of blinking
Potions
 d - a potion of might
 e - 11 potions of curing
 f - 3 potions of heal wounds
 g - a potion of haste
 h - 4 potions of magic
 k - a potion of invisibility
 n - 3 potions of mutation
 o - a potion of brilliance


   Skills:
 - Level 3.0 Fighting
 + Level 14.6 Axes
 - Level 2.4 Armour
 - Level 9.0 Shields
 + Level 6.2 Invocations


You had 7 spell levels left.
You didn't know any spells.
Your spell library was empty.

Dungeon Overview and Level Annotations

Branches:
Dungeon (1/1)

Altars:
Ashenzari
Cheibriados
Dithmenos
Elyvilon
Fedhas
Gozag
Hepliaklqana
Kikubaaqudgha
Makhleb
Nemelex Xobeh
Okawaru
Qazlal
Ru
Sif Muna
Trog
Uskayaw
Vehumet
Wu Jian
Xom
Yredelemnul
Zin
The Shining One
Beogh
Jiyva
Lugonu


Innate Abilities, Weirdness & Mutations

You are completely covered in rugged brown scales. (AC +3, +7% HP)
You have supernaturally acute eyesight. (SInv)
Armour fits poorly on your strangely shaped body.
You can roll at nearby foes to attack.
You have a long armoured tail.
You curl defensively after being hit.


Message History

Okawaru is honoured by your kill.
The terrible wounds on your body vanish.
Your Axes skill increases to level 14!
Your Invocations skill gained 5 levels and is now at level 6!
A bog body comes into view.
The bog body points at you and mumbles some strange words.
You feel yourself slow down.
There is a huge open gate to the Metal Vault (Medium) here.
There is a huge open gate to the Metal Vault (Medium) here.
Things that are here:
a +0 scimitar of electrocution; a +0 robe You close the huge gate, pushing everything out of the way.
Something unseen opens the huge gate.
There is an open door to the Entrance Hall (Safe) here.
You close the door.
Something unseen opens the door.
You start resting.
A bog body is nearby!
The bog body touches you! The bog body freezes you!
You are too injured to fight recklessly!
You feel much better.
The bog body gestures at you while chanting.
You feel as though you will be slow longer.
You block the bog body's attack.
A red film seems to cover your vision as you go berserk!
You feel yourself moving faster!
You feel mighty!
The bog body points at you and mumbles some strange words.
The bolt of cold misses you.
You slash the bog body! You freeze the bog body.
The bog body is heavily damaged.
The bog body points at you and mumbles some strange words.
The bolt of cold hits you!
You barely miss the bog body. You tail-slap the bog body!
The bog body is severely damaged.
The bog body touches you! The bog body freezes you!!
* * * LOW HITPOINT WARNING * * *
You barely miss the bog body. You tail-slap the bog body.
The bog body is severely damaged.
The bog body casts a spell at you. The bolt of cold hits you!!
You die...

_______...###########++######
#########'##................#
.?(.')))'.##......#..#......#
#########.##................+
.....[.....'................+
'#####'#####......#..#......#
.#..#..#..##.......n.[).....#
.#..)..'..#####n#####''#####
.##+####'###....@..##++#
.#.....)..##.......##..#
.#........##.......##..#
.#####'#####...<...##..#
.#...)))..##.......##.n#
.#...)))[.##.......##..#
'###########.......##...
)))....#..###########...
..###..#.############...#


You could see a bog body.

Vanquished Creatures
  A flayed ghost (D)
  A rime drake (D)
  A shadow (D)
  Duvessa (D)
  A floating eye (D)
  Blork the orc (D)
  A gnoll sergeant (D)
  Dowan (D)
  An orc wizard (D)
  3 gnolls (D)
  2 white imps (D)
  An ufetubus (D)
  An adder skeleton (D)
  2 worms (D)
  An orc (D)
  A bat skeleton (D)
  A bat zombie (D)
  An endoplasm (D)
  4 jackals (D)
  A frilled lizard (D)
  A kobold (D)
28 creatures vanquished.

Vanquished Creatures (others)
  A sky beast (D)
  A phantom (D)
  An orc (D)
3 creatures vanquished.

Grand Total: 31 creatures vanquished

Notes
Turn   | Place    | Note
-------+----------+-------------------------------------------
     0 | D        | MikeHunt the Palentonga Fighter began the quest for the
                  | Orb.
     0 | D        | Reached XP level 1. HP: 19/19 MP: 1/1
    14 | D        | Found a bloodstained altar of Trog.
    14 | D        | Found a shimmering blue altar of Sif Muna.
    14 | D        | Found a viscous altar of Jiyva.
    14 | D        | Found a hazy altar of Hepliaklqana.
    14 | D        | Found an opulent altar of Gozag.
    15 | D        | Found a glowing golden altar of the Shining One.
    15 | D        | Found a glowing silver altar of Zin.
    15 | D        | Found a basalt altar of Yredelemnul.
    15 | D        | Found a shimmering altar of Xom.
    15 | D        | Found an ornate altar of the Wu Jian Council.
    15 | D        | Found a sacrificial altar of Ru.
    15 | D        | Found a stormy altar of Qazlal.
    15 | D        | Found an iron altar of Okawaru.
    15 | D        | Found a sparkling altar of Nemelex Xobeh.
    15 | D        | Found a burning altar of Makhleb.
    15 | D        | Found a blossoming altar of Fedhas.
    15 | D        | Found a white marble altar of Elyvilon.
    15 | D        | Found a shadowy altar of Dithmenos.
    15 | D        | Found a snail-covered altar of Cheibriados.
    16 | D        | Found a radiant altar of Vehumet.
    16 | D        | Found a corrupted altar of Lugonu.
    17 | D        | Found a hide-covered altar of Uskayaw.
    17 | D        | Found an ancient bone altar of Kikubaaqudgha.
    17 | D        | Found a broken altar of Ashenzari.
    21 | D        | Became a worshipper of Warmaster Okawaru
    60 | D        | Reached skill level 3 in Axes
    65 | D        | Reached XP level 2. HP: 21/25 MP: 2/2
   119 | D        | Reached skill level 4 in Axes
   382 | D        | Noticed a floating eye
   384 | D        | Killed a floating eye
   384 | D        | Reached * piety under Okawaru
   385 | D        | Reached skill level 6 in Axes
   385 | D        | Reached XP level 3. HP: 31/31 MP: 3/3
   385 | D        | Reached XP level 4. HP: 37/37 MP: 4/4
   386 | D        | Reached skill level 7 in Axes
   519 | D        | Noticed Dowan
   519 | D        | Noticed Duvessa
   520 | D        | Noticed a sky beast
   521 | D        | Noticed a phantom
   526 | D        | Killed a sky beast
   527 | D        | Reached skill level 8 in Axes
   527 | D        | Reached XP level 5. HP: 43/43 MP: 5/5
   533 | D        | Killed Duvessa
   534 | D        | Reached skill level 9 in Axes
   534 | D        | Reached XP level 6. HP: 20/50 MP: 6/6
   547 | D        | Reached ** piety under Okawaru
   548 | D        | Reached skill level 10 in Axes
   550 | D        | Killed Dowan
   756 | D        | Reached skill level 11 in Axes
   893 | D        | Noticed a shadow
   893 | D        | Noticed a rime drake
   898 | D        | Gained mutation: You curl defensively after being hit.
                  | [Palentonga growth]
   898 | D        | Reached XP level 7. HP: 55/55 MP: 7/7
   901 | D        | Killed a shadow
   902 | D        | Reached skill level 12 in Axes
   905 | D        | Killed a rime drake
   905 | D        | Reached *** piety under Okawaru
   906 | D        | Reached skill level 13 in Axes
  1014 | D        | Got the +1 broad axe of Awkwardness {freeze, rF+ Dex+5}
  1087 | D        | Noticed Blork the orc
  1093 | D        | Noticed a flayed ghost
  1098 | D        | Killed Blork the orc
  1099 | D        | Reached skill level 1 in Invocations
  1099 | D        | Reached XP level 8. HP: 36/62 MP: 7/9
  1108 | D        | Killed a flayed ghost
  1109 | D        | Reached skill level 14 in Axes
  1109 | D        | Noticed a bog body
  1128 | D        | Killed from afar by a bog body

Illustrated notes

Levels and vault maps discovered:
D:        pitsprint [storerooms_1, entrance_room_1, metal_vault_3, armoury_2,
          mini_pit_1, grid_room_1, main_hall_1, silver_pit, the_coven_3,
          the_vestibule_1, steel_vault_3, golden_pit, hallway_of_sentries,
          crystal_vault_1, iron_vault_1, final_vault]

Skill      XL: |  1  2  3  4  5  6  7  8 |
---------------+-------------------------+-----
Shields        | 3 6 7 9 |  9.0
Axes           | 3 6 8 9 11 13 14 | 14.6
Invocations    | 1 6 |  6.2
Fighting       | |  3.0
Armour         | |  2.4

Action                   |  1- 3 |  4- 6 |  7- 9 || total
-------------------------+-------+-------+-------++-------
Melee: War axe           |    25 |    52 |     8 ||    85
       Tailslap          |     5 |    10 |     4 ||    19
       Broad axe         |       |       |    16 ||    16
  Use: Potion            |     1 |     4 |     2 ||     7
 Stab: Invisible         |       |     8 |       ||     8
Armor: Scale mail        |    24 |       |       ||    24
       Ring mail         |       |    13 |     2 ||    15
       Chain mail        |       |       |     5 ||     5
Dodge: Dodged            |    13 |    21 |     5 ||    39
Block: Kite shield       |    16 |    19 |     7 ||    42

Table legend: (Time is in decaauts)
 A = Elapsed time spent in this place.
 B = Non-inter-level travel time spent in this place.
 C = Inter-level travel time spent in this place.
 D = Time resting spent in this place.
 E = Time spent auto-exploring this place.
 F = Levels seen in this place.
 G = Mean time per level.
                   A        B        C        D        E       F      G
               +--------+--------+--------+--------+--------+-----+--------+
         Total |   1165 |   1165 |      0 |    763 |      0 |   1 | 1165.0 |
       Dungeon |   1165 |   1165 |      0 |    763 |      0 |   1 | 1165.0 |
               +--------+--------+--------+--------+--------+-----+--------+

Top non-repeatable levels by time:
       D: 1165 daAuts
